Map: Washout LE

Players

ZerQAQ - Winner!

  • Race: Protoss Protoss
  • League: Gold
  • Spawn Location: 7:00

电脑难度(专家)

  • Race: Terran Terran
  • Spawn Location: 1:00

VOD

Have the link to the VOD?

Description

Time

  • Played on: July 23, 2026, 5:33 a.m.
  • Length: 10:16
Show
View Real Time Build Order
Export as new Build Order

ZerQAQ Protoss - Winner!

Build Orders: 1 Gate Expand, Phoenix Opening, Blink Stalkers 

Get SALT Encoding   

  8  0:01  Probe (Chrono Boost)  
  9  0:13  Probe (Chrono Boost)  
  10  0:22  Probe (Chrono Boost)  
  10  0:28  Probe  
  11  0:34  Pylon  
  12  0:40  Probe  
  13  0:52  Probe (Chrono Boost)  
  13  0:56  Gateway  
  14  1:04  Probe (Chrono Boost)  
  14  1:10  Assimilator  
  15  1:13  Probe (Chrono Boost)  
  16  1:18  Probe  
  17  1:30  Probe  
  18  1:44  Nexus  
  18  1:47  Probe  
  19  1:57  Cybernetics Core  
  19  2:01  Probe  
  20  2:10  Pylon  
  20  2:14  Probe  
  21  2:17  Assimilator  
  21  2:29  Probe  
  22  2:31  Stalker (Chrono Boost)  
  24  2:38  Warp Gate  
  24  2:41  Probe  
  25  2:58  Shield Battery, Probe x2  
  27  3:08  Gateway  
  27  3:10  Probe x2  
  29  3:14  Sentry, Phoenix  
  31  3:20  Twilight Council  
  31  3:26  Pylon  
  31  3:27  Probe (Chrono Boost)  
  31  3:31  Probe (Chrono Boost)  
  33  3:39  Probe (Chrono Boost)  
  35  3:43  Probe (Chrono Boost)  
  35  3:45  Probe (Chrono Boost)  
  36  3:51  Stalker, Probe  
  36  3:55  Probe  
  40  3:56  Blink (Chrono Boost)  
  40  4:07  Probe  
  40  4:08  Probe  
  44  4:18  Stalker  
  44  4:20  Probe x2, Stalker  
  48  4:34  Nexus  
  48  4:35  Probe x2  
  50  4:44  Pylon  
  50  4:57  Pylon  
  50  4:59  Forge  
  50  5:02  Stalker x2, Probe x2, Robotics Facility  
  56  5:14  Probe x2  
  58  5:26  Gateway  
  58  5:27  Gateway  
  58  5:28  Gateway  
  58  5:35  Protoss Ground Weapons Level 1 (Chrono Boost)  
  58  5:36  Gateway  
  58  5:38  Gateway  
  58  5:39  Gateway  
  58  5:43  Pylon  
  58  5:44  Charge (Chrono Boost)  
  58  5:45  Pylon  
  58  5:47  Pylon  
  58  5:57  Warp Prism  
  58  6:04  Zealot x2  
  62  6:06  Probe  
  62  6:07  Probe  
  66  6:15  Assimilator  
  66  6:24  Zealot x2  
  70  6:38  Zealot x4  
  70  6:39  Zealot x2  
  82  6:46  Probe x2  
  82  6:47  Probe  
  85  6:49  Zealot x2  
  89  7:00  Zealot  
  89  7:01  Zealot x4  
  97  7:08  Zealot  
  91  7:30  Protoss Ground Armor Level 1 (Chrono Boost)  
  91  7:36  Zealot x3  
  91  7:37  Zealot  
  97  7:42  Probe  
  97  7:43  Probe x2  
  92  7:45  Pylon, Forge  
  92  7:50  Zealot x3  
  92  7:51  Zealot  
  90  7:58  Zealot  
  90  7:59  Zealot x3  
  90  8:03  Probe x3  
  95  8:12  Zealot x2  
  95  8:13  Zealot x2  
  95  8:15  Probe  
  95  8:17  Pylon  
  102  8:22  Pylon x2  
  102  8:24  Pylon  
  96  8:38  Zealot x4  
  96  8:39  Zealot x3  
  96  8:40  Zealot  
  84  9:01  Zealot x6  
  84  9:02  Zealot  
  92  9:03  Zealot  
  92  9:09  Probe x2  
  89  9:10  Probe  
  85  9:21  Probe x2  
  85  9:22  Probe  
  88  9:28  Gateway, Zealot x2  
  88  9:29  Zealot x5  
  88  9:30  Sentry  
  88  9:31  Gateway  
  100  9:51  Zealot x4  
  100  9:52  Zealot x4  
Show
View Real Time Build Order
Export as new Build Order

电脑难度(专家) Terran 

Build Orders:  

Get SALT Encoding   

  8  0:00  SCV  
  9  0:13  SCV  
  10  0:25  SCV  
  11  0:37  SCV  
  12  0:46  Supply Depot  
  12  0:49  SCV  
  13  1:08  SCV  
  14  1:15  Barracks  
  14  1:20  SCV  
  15  1:32  SCV  
  16  1:44  SCV  
  17  1:52  Supply Depot  
  17  1:56  SCV  
  17  1:57  Refinery  
  18  2:03  Marine  
  19  2:08  SCV  
  20  2:20  Barracks, SCV  
  20  2:21  Marine  
  22  2:27  Refinery  
  22  2:33  SCV  
  23  2:39  Marine  
  24  2:45  SCV, Supply Depot  
  25  2:57  Marine, SCV  
  27  3:04  Factory  
  27  3:07  Marine  
  27  3:09  Orbital Command  
  28  3:22  Barracks Tech Lab  
  28  3:25  Barracks Tech Lab  
  28  3:34  SCV  
  28  3:40  Marine  
  30  3:43  Marine  
  30  3:46  SCV  
  32  3:50  Starport  
  32  3:51  Supply Depot  
  32  3:58  Marine, SCV  
  32  4:01  Stimpack  
  32  4:02  Marine  
  35  4:20  Supply Depot, Marine  
  36  4:24  Marine  
  36  4:25  SCV  
  36  4:27  Medivac  
  40  4:33  Supply Depot  
  40  4:38  Combat Shield  
  40  4:43  SCV  
  40  4:44  Marauder  
  43  4:48  Marauder  
  45  4:57  Medivac  
  47  5:05  Marauder  
  49  5:09  Marine  
  49  5:11  Command Center  
  50  5:20  Engineering Bay  
  50  5:26  Marauder  
  52  5:29  Marauder  
  54  5:41  Supply Depot  
  54  5:46  Terran Infantry Weapons Level 1  
  54  5:48  Marauder  
  56  5:50  Marauder  
  58  6:03  Engineering Bay  
  58  6:09  Marauder  
  58  6:10  Concussive Shells  
  60  6:13  Barracks  
  60  6:14  Marine  
  61  6:24  Supply Depot, SCV  
  62  6:29  Terran Infantry Armor Level 1, SCV  
  62  6:30  Marine  
  64  6:36  SCV  
  64  6:37  Marauder  
  67  6:41  SCV  
  68  6:48  SCV, Marauder  
  68  6:53  SCV  
  72  6:54  Factory Tech Lab  
  72  7:00  SCV  
  72  7:01  Barracks Reactor  
  73  7:06  SCV  
  74  7:12  Siege Tank, SCV  
  74  7:13  Refinery  
  78  7:18  Marauder x2  
  75  7:25  SCV  
  65  7:37  SCV  
  59  7:55  SCV  
  59  7:56  Command Center  
  60  8:04  Refinery  
  62  8:05  Marauder  
  62  8:07  SCV  
  61  8:19  SCV  
  57  8:31  SCV  
  44  8:43  SCV  
  45  8:49  Marine  
  45  8:53  Command Center  
  45  8:54  Marine  
  42  9:11  Marauder  
  45  9:17  SCV  
  45  9:29  SCV  
  46  9:35  Marauder  
  48  9:41  SCV  
  48  9:44  Marine  
  48  9:48  Marine  
  32  9:53  SCV  
  32  9:56  Marine  
Tags
 
Add a new tag
Caveats
  • Supply blocks, unpowered buildings, or Contaminate may cause inaccurate times.
  • Supply counts are checked every 10 seconds.